 Dungeon Crawl Stone Soup version 0.27-a0-1256-gced786f65e (webtiles) character file.

Game seed: 2115786750978292489

2837 robertstho the Thaumaturge (level 10, -3/62 HPs)
             Began as a Djinni Fire Elementalist on June 10, 2021.
             Was an Initiate of Gozag.
             Slain by a hornet zombie (10 damage)
             ... on level 8 of the Dungeon.
             The game lasted 00:15:04 (11147 turns).

robertstho the Thaumaturge (DjFE)                  Turns: 11147, Time: 00:15:04

Health: -3/62      AC:  3    Str:  7    XL:     10   Next: 3%
Gold:   169        EV: 14    Int: 19    God:    Gozag SH:  0 Dex: 21

rFire    + + +     SeeInvis .   d - +0 dagger (venom)
rCold    + . .     Faith    .   (no shield)
rNeg     . . .     Spirit   .   a - +0 robe
rPois    ∞         Reflect  .   w - +0 helmet
rElec    .         Harm     .   q - scarf {rC+ rF+}
rCorr    .         Rampage  .   (no gloves)
Will     +....                  (boots unavailable)
Stlth    +++.......             (no amulet)
HPRegen  0.20/turn              c - +6 ring of dexterity
MPRegen  0.00/turn              m - ring of protection from cold

@: flying
A: sickness immunity, fire resistance 2, cold vulnerability 1, float, innate
caster, hp casting, extra vitality 1
a: Renounce Religion, Potion Petition, Call Merchant, Bribe Branch


You were on level 8 of the Dungeon.
You worshipped Gozag.
Gozag was aware of your devotion.
You visited 2 branches of the dungeon, and saw 9 of its levels.
You also visited: Sewer.

You collected 640 gold pieces.
You spent 359 gold pieces at shops.
You paid 112 gold pieces to Gozag.

Inventory:

Hand Weapons
 d - a +0 dagger of venom (weapon)
Missiles
 r - 2 throwing nets
 t - 5 curare-tipped darts
Armour
 a - a +0 robe (worn)
 q - a scarf of resistance (worn)
 w - a +0 helmet (worn)
Jewellery
 c - a +6 ring of dexterity (left hand)
 m - a ring of protection from cold (right hand)
 z - a ring of resist corrosion
 A - an amulet of regeneration
Wands
 i - a wand of iceblast (6)
 o - a wand of flame (15)
 s - a wand of paralysis (6)
Scrolls
 h - a scroll of holy word
 j - a scroll of summoning
 k - 2 scrolls of fear
 n - a scroll of blinking
 p - a scroll of teleportation
 v - 2 scrolls of immolation
 x - 2 scrolls of magic mapping
 y - a scroll of enchant weapon
Potions
 b - 5 potions of haste
 e - a potion of heal wounds
 f - a potion of might
 g - 8 potions of curing
 l - a potion of brilliance
 u - a potion of invisibility


   Skills:
 + Level 1.2 Fighting
 + Level 3.6 Dodging
 + Level 3.9 Stealth
 + Level 9.6 Spellcasting


You had 3 spell levels left.
You knew the following spells:

 Your Spells              Type           Power      Damage    Failure   Level
a - Foxfire               Conj/Fire      100%       2x1d9     1%          1
b - Conjure Flame         Conj/Fire      45%        6-21      1%          3
c - Inner Flame           Hex/Fire       45%        N/A       1%          3
d - Sticky Flame          Conj/Fire      45%        2d6       1%          4
e - Fireball              Conj/Fire      22%        3d10      4%          5
f - Sting                 Tmut/Pois      100%       1d8       1%          1
g - Poisonous Vapours     Pois/Air       90%        N/A       1%          2
h - Stone Arrow           Conj/Erth      90%        3d12      1%          3
i - Swiftness             Air            45%        N/A       1%          3
Your spell library was empty.

Dungeon Overview and Level Annotations

Branches:
Dungeon (8/15)             Temple (1/1) D:5           Sewer (visited)
   Lair: D:8-11

Altars:
Ashenzari
Cheibriados
Dithmenos
Elyvilon
Fedhas
Gozag
Hepliaklqana
Kikubaaqudgha
Makhleb
Nemelex Xobeh
Okawaru
Qazlal
Ru
Sif Muna
Trog
Uskayaw
Vehumet
Wu Jian
Xom
Yredelemnul
Zin
The Shining One

Shops:
D:6 ?**


Innate Abilities, Weirdness & Mutations

You are immune to sickness and miasma.
You are immune to poison.
Your flesh is very heat resistant. (rF++)
You are vulnerable to cold. (rC-)
You float through the air rather than walking.
You learn spells naturally, not from books.
Your magical power is your life essence.
You have superior vitality. (+4 HP)


Message History

Unknown command.
An orc comes into view. It is wielding a +0 flail.
Casting: Fireball (dangerous; 4% risk of failure)
Confirm with . or Enter, or press ? or * to list all spells.
Aiming: Fireball (dangerous; 4% risk of failure)
Press: ? - help, Shift-Dir - straight line, f - orc
Aim: an orc, wielding a +0 flail and wearing a +0 chain mail (wandering, hasn't noticed you)
The fireball explodes!
The fireball engulfs the orc!!
You kill the orc!
You hear a howl!
A centaur comes into view.
Casting: Fireball (dangerous; 4% risk of failure)
Confirm with . or Enter, or press ? or * to list all spells.
Aiming: Fireball (dangerous; 4% risk of failure)
Press: ? - help, Shift-Dir - straight line The fireball explodes!
The fireball engulfs the centaur!
The centaur is severely wounded.
The centaur shouts!
You hear a shout!
The centaur wields a +0 shortbow.
The centaur shoots an arrow.
The arrow hits you!
* * * LOW HITPOINT WARNING * * *
Casting: Fireball (dangerous; 4% risk of failure)
Confirm with . or Enter, or press ? or * to list all spells.
Aiming: Fireball (dangerous; 4% risk of failure)
Press: ? - help, Shift-Dir - straight line The fireball explodes!
The fireball engulfs the centaur!
You kill the centaur!
* * * LOW HITPOINT WARNING * * *
Unknown command.
Unknown command.
A hornet zombie comes into view.
Casting: Fireball (dangerous; 4% risk of failure)
Confirm with . or Enter, or press ? or * to list all spells.
The fire begins to smoulder!
* * * LOW HITPOINT WARNING * * *
The fire ignites!
The hornet zombie is engulfed in blazing flames.
The hornet zombie hits you!
You die...
Your body crumbles into a pile of gold.

.. ##. #.## #.≈# .. #.$$
).≈≈ #.###.$. #..#
.....o# #..# #..##.# #..#
#$.##.# #..# #..
###..##.# #$.#######.....
$
..=.....###$...Z@........
###$$$..<$$$########.##.#
##$######## #... #.###
#.# #.# #.# #.#


You could see a hornet zombie.

Vanquished Creatures
  A hornet (D:7)
  A wyvern (D:7)
  2 wargs (D:8)
  An orc warrior (D:8)
  An ice beast (D:6)
  A sky beast (D:5)
  2 black bears
  2 ogres
  2 phantoms
  2 centaurs
  2 bullfrogs
  A gnoll sergeant (D:4)
  4 scorpions
  A water moccasin skeleton (D:5)
  A wyvern skeleton (D:6)
  A howler monkey (D:6)
  A centaur zombie (D:7)
  2 bullfrog zombies (D:5)
  2 centaur skeletons
  2 hounds
  A jelly (D:6)
  4 orc priests
  4 orc wizards
  4 gnolls
  8 adders
  A river rat (D:3)
  2 shadow imps
  An adder skeleton (D:4)
  9 worms
  3 dart slugs
  34 orcs
  8 ball pythons
  12 bats
  6 endoplasms
  4 giant cockroaches
  9 goblins
  5 hobgoblins
  8 jackals
  5 kobolds
  6 quokkas
  5 frilled lizards
  6 rats
177 creatures vanquished.

Vanquished Creatures (others)
  934 foxfires
934 creatures vanquished.

Grand Total: 1111 creatures vanquished

Notes
Turn   | Place    | Note
-------+----------+-------------------------------------------
     0 | D:1      | robertstho the Djinni Fire Elementalist began the quest for
                  | the Orb.
     0 | D:1      | Reached XP level 1. HP: 15/15 MP: 0/0
   318 | D:1      | Reached XP level 2. HP: 18/21 MP: 0/0
   914 | D:1      | Reached skill level 3 in Spellcasting
  1624 | D:2      | Reached XP level 3. HP: 23/25 MP: 0/0
  1624 | D:2      | Learned a level 1 spell: Sting
  2015 | D:2      | Reached XP level 4. HP: 24/31 MP: 0/0
  2916 | D:3      | Reached XP level 5. HP: 30/35 MP: 0/0
  2916 | D:3      | Learned a level 2 spell: Poisonous Vapours
  2933 | D:3      | Reached skill level 4 in Spellcasting
  2998 | D:3      | Found a shimmering altar of Xom.
  3258 | D:3      | Found a faded altar of an unknown god.
  3284 | D:3      | Found a broken altar of Ashenzari.
  3365 | D:3      | Found a glowing drain.
  3387 | Sewer    | Entered a sewer
  3887 | Sewer    | Reached XP level 6. HP: 30/40 MP: 0/0
  5041 | D:4      | Reached skill level 5 in Spellcasting
  5073 | D:4      | Reached XP level 7. HP: 19/45 MP: 0/0
  5073 | D:4      | Learned a level 3 spell: Stone Arrow
  6461 | D:5      | Entered Level 5 of the Dungeon
  6755 | D:5      | Reached skill level 6 in Spellcasting
  7032 | D:5      | Reached XP level 8. HP: 42/51 MP: 0/0
  7360 | D:5      | Found a staircase to the Ecumenical Temple.
  7369 | Temple   | Entered the Ecumenical Temple
  7681 | D:5      | Reached skill level 7 in Spellcasting
  7815 | D:5      | Found an opulent altar of Gozag.
  8002 | D:5      | Found a glowing golden altar of the Shining One.
  8002 | D:5      | Found a snail-covered altar of Cheibriados.
  8035 | D:5      | Became a worshipper of Gozag Ym Sagoz the Greedy
  8260 | D:6      | Found Haawur's Magic Scroll Shop.
  8331 | D:6      | Bought a scroll of identify for 20 gold pieces
  8331 | D:6      | Bought a scroll of identify for 20 gold pieces
  8331 | D:6      | Bought 2 scrolls of magic mapping for 70 gold pieces
  8331 | D:6      | Bought a scroll of identify for 20 gold pieces
  8331 | D:6      | Bought a scroll of identify for 20 gold pieces
  8331 | D:6      | Bought a scroll of immolation for 35 gold pieces
  8331 | D:6      | Bought a scroll of noise for 10 gold pieces
  8331 | D:6      | Bought a scroll of enchant weapon for 75 gold pieces
  8350 | D:6      | Found Ukinnewu's Assorted Antiques.
  8663 | D:6      | Reached XP level 9. HP: 50/56 MP: 0/0
  8663 | D:6      | Learned a level 3 spell: Swiftness
  8676 | D:6      | Reached skill level 1 in Fighting
  8680 | D:6      | Reached skill level 8 in Spellcasting
  8987 | D:6      | Found an ornate altar of the Wu Jian Council.
  9005 | D:6      | Found a burning altar of Makhleb.
  9007 | D:6      | Found a hazy altar of Hepliaklqana.
  9018 | D:6      | Found Leteh's Assorted Antiques.
  9029 | D:6      | Bought a bubbling green potion for 20 gold pieces
  9029 | D:6      | Bought a potion of curing for 69 gold pieces
 10238 | D:7      | Noticed a hornet
 10247 | D:7      | Killed a hornet
 10248 | D:7      | Reached skill level 9 in Spellcasting
 11101 | D:8      | Reached XP level 10. HP: 38/62 MP: 0/0
 11147 | D:8      | Slain by a hornet zombie

Illustrated notes

Levels and vault maps discovered:
D:1:      saegor_arrival_simple_c, layout_basic
D:2:      layout_rooms, minmay_pentomino_o2
D:3:      layout_rooms, amcnicky_altar_gilded, nicolae_overflow_crystal_walls,
          portal_sewer_entry_a, shapermc_ecumenical_altar_totnotflames,
          fountainhead
D:4:      layout_basic
D:5:      layout_layer_cave, gammafunk_temple_overflow_wave,
          grunt_gozag_breadcrumbs, minmay_temple_entry_trees
D:6:      layout_rooms, chequers_temple_overflow_statue_of_worship,
          nzn_wu_jian_contemplation, serial_shops, nicolae_shop_stone, shop,
          shop
D:7:      layout_gridville
D:8:      minmay_bubble_buster, layout_loops_ring, erik_lair_orcish_takeover,
          serial_shops, kennysheep_mini_moat
Temple:   eino_narrow_crystal_temple

Skill      XL: |  1  2  3  4  5  6  7  8  9 |
---------------+----------------------------+-----
Spellcasting   | 3 4 5 6 7 9 |  9.6
Stealth        | 2 3 |  3.9
Dodging        | 3 |  3.6
Fighting       | 1 |  1.2

Action                   |  1- 3 |  4- 6 |  7- 9 | 10-12 || total
-------------------------+-------+-------+-------+-------++-------
Melee: Dagger            |       |       |     1 |       ||     1
 Cast: Foxfire           |    70 |   184 |   279 |       ||   533
       Sticky Flame      |       |     1 |     2 |       ||     3
       Fireball          |       |       |    14 |     5 ||    19
       Conjure Flame     |       |       |       |     1 ||     1
  Use: Scroll            |     4 |     1 |    13 |       ||    18
Armor: Robe              |     1 |     4 |     3 |       ||     8
Dodge: Dodged            |    14 |    24 |    12 |       ||    50

Table legend: (Time is in decaauts)
 A = Elapsed time spent in this place.
 B = Non-inter-level travel time spent in this place.
 C = Inter-level travel time spent in this place.
 D = Time resting spent in this place.
 E = Time spent auto-exploring this place.
 F = Levels seen in this place.
 G = Mean time per level.
                   A        B        C        D        E       F      G
               +--------+--------+--------+--------+--------+-----+--------+
         Total |  11147 |  10795 |    352 |   1019 |   8594 |  10 | 1114.7 |
       Dungeon |   9830 |   9493 |    337 |   1019 |   7437 |   8 | 1228.8 |
        Temple |    188 |    174 |     14 |      0 |    174 |   1 |  188.0 |
         Sewer |   1127 |   1127 |      0 |      0 |    983 |   1 | 1127.0 |
               +--------+--------+--------+--------+--------+-----+--------+

Top non-repeatable levels by time:
     D:7: 1624 daAuts
     D:5: 1610 daAuts
     D:1: 1579 daAuts
     D:4: 1493 daAuts
     D:2: 1210 daAuts
   Sewer: 1127 daAuts
     D:6: 1069 daAuts
     D:3: 1050 daAuts
     D:8: 192 daAuts
  Temple: 188 daAuts
